 Dungeon Crawl Stone Soup version 0.19.4-9-g45fd643 (webtiles) character file.

144 tof the Grave Robber (level 5, 0/43 HPs)
             Began as a Deep Dwarf Necromancer on Feb 21, 2017.
             Killed from afar by a white imp (5 damage)
             ... with a puff of frost
             ... summoned by Natasha
             ... on level 3 of the Dungeon.
             The game lasted 00:18:32 (2367 turns).

tof the Grave Robber (Deep Dwarf Necromancer)       Turns: 2367, Time: 00:18:33

Health: 0/43       AC:  5    Str: 11    XL:     5   Next: 5%
Magic:  1/1        EV: 13    Int: 17    God:
Gold:   118        SH:  0    Dex: 13    Spells: 1 memorised, 7 levels left

rFire  . . .     SeeInvis +       - Unarmed
rCold  . . .     Gourm    .     a - +0 robe
rNeg   . . .     Faith    .     (no shield)
rPois  .         Spirit   .     e - +2 hat
rElec  .         Reflect  .     u - +0 cloak
rCorr  +         Harm     .     (no gloves)
MR     .....                    (no boots)
Stlth  ++........               (no amulet)
                                i - ring of see invisible
                                f - ring of resist corrosion

@: non-regenerating
A: damage resistance, recharge devices, sense surroundings 1, slow regeneration
3
a: Device Recharging


You were on level 3 of the Dungeon.
You were hungry.

You visited 1 branch of the dungeon, and saw 3 of its levels.

You collected 118 gold pieces.

Inventory:

Armour
 a - a +0 robe (worn)
 e - a +2 hat (worn)
 u - a +0 cloak (worn)
Jewellery
 f - a ring of resist corrosion (left hand)
 i - a ring of see invisible (right hand)
Wands
 c - a wand of heal wounds (9/9)
Scrolls
 k - a scroll of noise {unknown}
 m - a scroll of fog
 p - a scroll of enchant armour
 s - a scroll of remove curse
 w - 2 scrolls of teleportation {unknown}
 y - 2 scrolls of identify
 B - 2 scrolls of recharging {unknown}
 D - a scroll of fear {unknown}
Potions
 g - 2 potions of berserk rage {unknown}
 j - 3 potions of lignification {unknown}
 n - a potion of beneficial mutation {unknown}
 q - 2 potions of heal wounds {unknown}
 r - a potion of magic {unknown}
 t - 2 potions of resistance {unknown}
 v - a potion of might {unknown}
 x - a potion of brilliance {unknown}
 z - a potion of flight {unknown}
 C - 2 potions of invisibility {unknown}
 E - a potion of mutation {unknown}
 F - a potion of degeneration {unknown}
Books
 b - a book of Necromancy

   Spells                             Type                      Level
   a - Pain                           Necromancy                   1
   b - Animate Skeleton               Necromancy                   1
   c - Vampiric Draining              Necromancy                   3
   d - Regeneration                   Charms/Necromancy            3
   e - Animate Dead                   Necromancy                   4
   f - Control Undead                 Necromancy                   4
Comestibles
 d - 3 bread rations
 h - a royal jelly


   Skills:
 + Level 0.6 Fighting
 + Level 3.3 Dodging
 + Level 2.5 Stealth
 + Level 1.8 Unarmed Combat
 + Level 2.3 Spellcasting
 + Level 5.2 Necromancy
 + Level 1.0 Evocations


You had 7 spell levels left.
You knew the following spells:

 Your Spells              Type           Power        Failure   Level  Hunger
a - Pain                  Necr           ###.         2%          1    #......


Dungeon Overview and Level Annotations

Branches:
Dungeon (3/15)

Altars:
Sif Muna
Trog

Annotations:
D:3 Natasha


Innate Abilities, Weirdness & Mutations

You are resistant to damage.
You can recharge devices by infusing magical energy.
You passively map a small area around you.
You do not regenerate.


Message History

The white imp gestures at you. The puff of frost hits you!
* * * LOW HITPOINT WARNING * * *
The white imp barely misses you. The white imp barely misses you.
Natasha stares at you and mumbles some strange words.
The magic dart hits you! The white imp barely misses you.
The crimson imp disappears in a puff of smoke!
The quokka bites you.
* * * LOW HITPOINT WARNING * * *
Natasha claws you.
* * * LOW HITPOINT WARNING * * *
The white imp completely misses you. The quokka closely misses you.
Natasha stares at you and mumbles some strange words.
The magic dart hits you!
* * * LOW HITPOINT WARNING * * *
The quokka closely misses you. The white imp gestures at you.
The puff of frost hits you!
You die...

, .................
...#....#.#...#.. *,
,.#######.#.##.....#.# *,
...........##)....#.# * ,
>.................... * ,
#)...=............ , *
#................. #. * *
#####r5...............
#.########...#@h5..............
#.......##...#ยง................
........##...#..............<..
........##.....................
........##.....................
,....#...##.....................
# * ###.###.#..................
#........................
#####............, ...


You could see Natasha, a crimson imp, a white imp and a quokka.

Vanquished Creatures
  Natasha (twice) (D:3)
  A gnoll (D:3)
  3 adders
  A worm (D:2)
  A leopard gecko (D:1)
  4 orcs (D:3)
  A giant cockroach (D:3)
  8 goblins
  8 hobgoblins
  2 jackals (D:1)
  2 quokkas
  4 bats
  4 frilled lizards
  5 kobolds
  3 rats
49 creatures vanquished.

Notes
Turn   | Place    | Note
-------+----------+-------------------------------------------
     0 | D:1      | tof the Deep Dwarf Necromancer began the quest for the Orb.
     0 | D:1      | Reached XP level 1. HP: 15/15 MP: 3/3
   254 | D:1      | Reached XP level 2. HP: 22/22 MP: 1/3
   388 | D:1      | Found a deep blue altar of Sif Muna.
   791 | D:2      | Reached XP level 3. HP: 24/28 MP: 0/3
  1129 | D:2      | Reached skill level 1 in Unarmed Combat
  1129 | D:2      | Reached skill level 5 in Necromancy
  1506 | D:3      | Reached XP level 4. HP: 16/36 MP: 0/3
  1650 | D:3      | Noticed Natasha
  1662 | D:3      | Killed Natasha
  1692 | D:3      | Noticed Natasha
  1724 | D:3      | Killed Natasha
  1724 | D:3      | Reached skill level 1 in Evocations
  1745 | D:3      | Found a bloodstained altar of Trog.
  1874 | D:3      | Reached XP level 5. HP: 34/43 MP: 1/1
  2348 | D:3      | Noticed Natasha
  2367 | D:3      | Killed from afar by a white imp

Skill      XL: |  1  2  3  4 |
---------------+-------------+-----
Spellcasting   | 2 |  2.3
Unarmed Combat | 1 |  1.8
Necromancy     | 5 |  5.2
Dodging        | 3 |  3.3
Evocations     | 1 |  1.0
Fighting       | |  0.6
Stealth        | |  2.5

Action                   |  1- 3 |  4- 6 || total
-------------------------+-------+-------++-------
Melee: Unarmed           |   129 |    77 ||   206
 Cast: Pain              |    54 |     8 ||    62
 Abil: Device Recharging |     4 |     3 ||     7
Evoke: Wand              |     8 |     6 ||    14
  Use: Scroll            |       |     4 ||     4
  Eat: Chunk             |     3 |     1 ||     4
       Beef jerky        |       |     1 ||     1
Armor: Robe              |    25 |    22 ||    47
Dodge: Dodged            |    92 |    82 ||   174
